[Event "Satranc Arena IM Series-1 2024"]
[Site "Izmir"]
[Date "2024.03.20"]
[Round "6.5"]
[White "Yalcinkaya, Efe"]
[Black "Gunduz, Umut Erdem"]
[Result "0-1"]
[ECO "C70"]
[WhiteElo "2085"]
[BlackElo "2314"]
[Annotator "TA"]
[PlyCount "115"]
[EventDate "2024.03.18"]
[EventCountry "TUR"]
[SourceTitle "playchess.com"]
[Source "ChessBase"]
[SourceQuality "1"]
[TimeControl "5400+30"]

1. e4 e5 2. Nf3 Nc6 3. Bb5 Nge7 4. c3 a6 5. Ba4 b5 6. Bb3 Ng6 7. d4 {[%emt 0:00:30] Droht stark Ng5.} exd4 8. cxd4 {[%emt 0:00:30] Zielt auf Ng5 ab.} Bb4+ {[%emt 0:00:30] Weiß steht besser.} 9. Nc3 O-O 10. h4 Na5 ({Günstiger ist} 10... h6 $14) 11. Bc2 d5 12. e5 Re8 (12... Ne7 $16) 13. h5 $2 (13. Ng5 $1 $18 {Und jetzt Qh5 wäre schön.} Nf8 14. Qh5) 13... Nf8 $14 14. a3 {[%emt 0:00:30] [#]} (14. Kf1 $14) 14... Bd7 $2 15. Qd3 $2 (15. axb4 $18 Nc4 16. h6 (16. Nxd5 c6 $18)) 15... Be6 $2 16. O-O $2 (16. axb4 $18 Nc6 17. h6 Nxb4 18. Qd2 Nxc2+ 19. Qxc2) 16... Bg4 $2 17. Nh2 (17. axb4 Nc6 18. Ne1 (18. Bg5 Qd7 $18) 18... Nxb4 $18) 17... Bxh5 18. f4 (18. axb4 $18 {ist der präzise Gewinnweg.} Nc6 19. Bb3) 18... f6 $2 19. Qh3 (19. axb4 $142 Nc6 20. Bb1) 19... Bf7 $2 (19... Bxc3 {kämpft weiter.} 20. bxc3 (20. Qxc3 c5 $16) 20... Be2) 20. f5 fxe5 $2 (20... Bxc3 21. Qxc3 c5) 21. dxe5 $2 (21. axb4 $18 {ist viel giftiger.} exd4 22. f6 (22. Rxa5 dxc3 23. f6 gxf6 $18) 22... dxc3 23. fxg7 (23. Rxa5 gxf6 24. Ng4 Be6 $18) (23. bxa5 gxf6 24. Ng4 Be6 $18) (23. bxc3 gxf6 24. Rxa5 Be6 $18)) 21... Bc5+ $16 22. Kh1 $1 (22. Be3 Bxe3+ 23. Qxe3 d4 $17 (23... Nc4 24. Qg3 $17)) 22... Rxe5 23. Ng4 Nc6 24. Nxe5 (24. Bf4 $1 $18 Bd4 25. Qg3) 24... Nxe5 $14 25. f6 g6 ({Besser ist} 25... gxf6 $14 26. Bh6 Nfg6) 26. Bf4 $1 $16 {[%emt 0:00:30][%mdl 1024] Weiss hat starke Kompensation.} Nc6 (26... Qxf6 $2 27. Rae1 Ned7 28. Bxc7 $18) ({Vorzuziehen ist} 26... Nc4 $14) 27. Rae1 Nd4 {[%emt 0:00:30] Gegen Bb3 gerichtet.} (27... Qd7 $16) 28. Bb1 Nde6 (28... Qd7 $142 29. Qh4 Nde6) 29. Be5 (29. Bh6 $1 $18) 29... c6 30. Qh4 Ra7 31. Ne2 Be3 32. Nf4 (32. b4 $16) 32... Bxf4 $14 33. Bxf4 {[%emt 0:00:30] Und Rf3 würde nun gewinnen.} Nxf4 $2 (33... c5 $1 $14) 34. Rxf4 $18 (34. Qxf4 c5 $14) 34... Rd7 $2 (34... Qb8 {war nötig.} 35. Re7 Ne6) 35. Re7 {[%emt 0:00:30] Droht Matt per Qh6.} Ne6 36. Rf3 {[%emt 0:00:30][%cal Ob1g6] Droht Bxg6! und aus.} c5 {[%emt 0:00:30] [#]} (36... Rxe7 $18 37. fxe7 Qe8) 37. Bxg6 $1 Bxg6 38. f7+ Kf8 39. Re8+ $2 (39. Qf6 $1 {setzt Matt} d4 40. Re8+ (40. Rxe6 Qxf6 41. Rfxf6 Bxf7 $11) 40... Qxe8 41. fxe8=B+ (41. fxe8=Q+ Kxe8 42. Qxe6+ Kd8 43. Rf8+ Kc7 44. Qe5+ Kb7 45. Rb8+ Kc6 46. Rc8+ Rc7) 41... Kxe8 42. Qxe6+ Kd8 43. Rf8+ (43. Qxa6 Rf7 $18) 43... Kc7 44. Qe5+ (44. Qxa6 Rd6 $18) 44... Kb6 45. Rf6+ Kb7 46. Qxc5) 39... Qxe8 40. fxe8=Q+ Kxe8 41. Re3 Rd6 42. Qf6 Kd7 43. Qf3 c4 44. Re5 Nc7 45. Qf8 Re6 (45... Ne6 46. Qb8 Nc7) 46. Rxe6 Nxe6 47. Qa8 Nc7 48. Qb7 d4 49. Kg1 c3 50. Qb6 $2 (50. Qa7 $1 $18 Kc6 51. Qxd4) 50... c2 $2 (50... Ne6 $1 $11 51. Qb7+ (51. Qxa6 c2 $11) 51... Kd6 52. Qxa6+ Ke7 53. Qb7+ (53. Qxb5 c2 $11) 53... Kd6 54. Qb6+ (54. Qxb5 c2 $11) 54... Ke7 55. bxc3 (55. Qxb5 c2 $11) 55... dxc3) 51. Qxd4+ Kc6 52. Qc3+ $1 Kb6 53. b4 (53. Kf2 $18) 53... Kb7 {[%emt 0:00:30] [#]} (53... Ne8 $16 {war einen Versuch wert.}) 54. Kf2 $1 {[%emt 0:00:30] Ke2 ist eine echte Drohung.} (54. Qf3+ $6 Kb6 55. Qc3 Kb7 $16) 54... Nd5 55. Qc5 (55. Qg7+ $18 Kc6 56. Qa1) 55... Nb6 $1 $14 {[%emt 0:00:30] Weiß steht etwas besser.} 56. Qe7+ Kc6 57. Qe6+ ({Auf keinen Fall} 57. Qc5+ $6 Kb7 58. Qe7+ Kb8 $16) 57... Kb7 {[%emt 0:00:30] [#]} 58. Qe4+ $2 {[%emt 0:00:30][%mdl 8192] Gewichteter Fehlerwert: Weiß=0.66/Schwarz=0.86.  Verlustzug:     	Weiß=1     	Schwarz=6     Gewinn verpasst:   	Weiß=3     	---        Fehler:       	Weiß=9     	Schwarz=12    Ungenau:       	Weiß=4     	---        OK:         	Weiß=11    	Schwarz=12    Bester:       	Weiß=2     	Schwarz=4     Stark:        	Weiß=3     	Schwarz=1     Brilliant:      	Weiß=1     	---} 0-1

[Event "Satranc Arena IM Series-1 2024"]
[Site "Izmir"]
[Date "2024.03.21"]
[Round "7.1"]
[White "Gunduz, Umut Erdem"]
[Black "Aydin, Gulenay"]
[Result "1-0"]
[ECO "C41"]
[WhiteElo "2314"]
[BlackElo "2152"]
[Annotator "RC"]
[PlyCount "93"]
[EventDate "2024.03.18"]
[EventCountry "TUR"]
[SourceTitle "playchess.com"]
[Source "ChessBase"]
[SourceQuality "1"]
[TimeControl "5400+30"]

1. e4 d6 2. d4 Nf6 3. Nc3 e5 4. Nf3 Nbd7 5. Bc4 Be7 6. O-O O-O 7. h3 c6 8. a4 h6 9. Be3 Re8 10. Re1 exd4 11. Bxd4 Nf8 12. Qd3 Be6 13. Rad1 Qa5 14. Nd2 Red8 15. Qg3 Qb4 16. Bxe6 Nxe6 17. Nb3 Nxd4 18. Nxd4 Bf8 19. Nf5 Kh8 20. Rd4 Qxb2 21. Rb1 Qa3 22. Rxb7 g6 23. Rxf7 gxf5 24. Rxf6 Bg7 25. Rg6 f4 26. Qd3 Qc5 27. Rc4 Qe5 28. Rxc6 Kh7 29. Rg4 h5 30. Rxg7+ Kxg7 31. Rc7+ Kh6 32. Nd5 Re8 33. Qb5 Rg8 34. Ne7 Rg5 35. Nf5+ Rxf5 36. exf5 Qxb5 37. axb5 Rb8 38. c4 d5 39. cxd5 Rxb5 40. d6 Rb1+ 41. Kh2 Kg5 42. Rxa7 Rd1 43. Rd7 Kxf5 44. Rf7+ Kg5 45. d7 Rd2 46. h4+ Kxh4 47. Rg7 1-0

[Event "Satranc Arena IM Series-1 2024"]
[Site "Izmir"]
[Date "2024.03.21"]
[Round "7.3"]
[White "Gur, Ali"]
[Black "Kuru, Atilla"]
[Result "1-0"]
[ECO "C00"]
[WhiteElo "1848"]
[BlackElo "2246"]
[Annotator "RC"]
[PlyCount "115"]
[EventDate "2024.03.18"]
[EventCountry "TUR"]
[SourceTitle "playchess.com"]
[Source "ChessBase"]
[SourceQuality "1"]
[TimeControl "5400+30"]

1. e4 e6 2. d3 c5 3. g3 Nc6 4. Bg2 d5 5. Nd2 Nf6 6. Ngf3 Be7 7. O-O b5 8. Re1 O-O 9. c3 a5 10. e5 Nd7 11. Nf1 b4 12. Bf4 Kh8 13. h4 a4 14. c4 Nb6 15. Ne3 f6 16. exf6 Bxf6 17. cxd5 exd5 18. Ng5 g6 19. Rc1 Ra5 20. Nc4 dxc4 21. Bxc6 Qxd3 22. Bd6 Rg8 23. Bc7 Bf5 24. g4 Bc8 25. Bxb6 Ra6 26. Bd5 Bxg4 27. Qxg4 Qxd5 28. Bc7 h6 29. Rcd1 Qf5 30. Nf7+ Kh7 31. Qxc4 Rc6 32. Bg3 Rf8 33. Nd6 Qh3 34. Ne8 Qf5 35. Rd5 Qc8 36. Nxf6+ Rcxf6 37. Re7+ R8f7 38. Rd8 Qf5 39. Rxf7+ Rxf7 40. Qd5 Qxd5 41. Rxd5 c4 42. Rc5 b3 43. a3 Re7 44. Rxc4 Re2 45. Rxa4 g5 46. h5 Rxb2 47. Rb4 Rb1+ 48. Kg2 Kg7 49. Rb6 g4 50. Bf4 Kh7 51. Rxh6+ Kg7 52. Rb6 Kh7 53. Rb7+ Kg8 54. h6 Re1 55. h7+ Kh8 56. Bd2 Re5 57. Bc3 b2 58. Bxe5# 1-0

[Event "Satranc Arena IM Series-1 2024"]
[Site "Izmir"]
[Date "2024.03.21"]
[Round "7.4"]
[White "Baltag, Iulian"]
[Black "David, Alexandru-Vasile"]
[Result "1/2-1/2"]
[ECO "C47"]
[WhiteElo "2412"]
[BlackElo "2360"]
[Annotator "TA"]
[PlyCount "71"]
[EventDate "2024.03.18"]
[EventCountry "TUR"]
[SourceTitle "playchess.com"]
[Source "ChessBase"]
[SourceQuality "1"]
[TimeControl "5400+30"]

1. e4 e5 2. Nf3 Nc6 3. Nc3 Nf6 4. d4 exd4 5. Nxd4 Bb4 6. Nxc6 bxc6 7. Bd3 d5 8. exd5 O-O 9. O-O cxd5 10. Bg5 c6 11. Qf3 h6 12. Bxf6 Qxf6 13. Qxf6 gxf6 14. Ne2 Bd6 15. Ng3 Re8 16. Nf5 Bxf5 17. Bxf5 {[%emt 0:00:04] Die Stellung ist ausgeglichen.} Re5 18. Bd3 Rb8 19. b3 a5 20. a4 Bb4 21. Rad1 Rbe8 22. g3 Kf8 23. Kg2 Re1 24. Rfxe1 Rxe1 25. Rxe1 Bxe1 $14 {[%emt 0:00:06][%mdl 4096] Endspiel. KB-KB} 26. g4 Ke7 27. Kf1 Bd2 28. Ke2 Bf4 29. h3 c5 30. Kf3 Be5 31. Bb5 Kd6 32. Be8 Ke7 33. Bb5 Kd6 34. Be8 Ke7 35. Bc6 Kd6 36. Be8 {[%emt 0:00:06] Gewichteter Fehlerwert: Weiß=0.07 (makellos) /Schwarz=0.05 (makellos) .  Ungenau:       	Weiß=1     	---        OK:         	Weiß=4     	Schwarz=6} 1/2-1/2

[Event "Satranc Arena IM Series-1 2024"]
[Site "Izmir"]
[Date "2024.03.21"]
[Round "7.5"]
[White "Ozsakallioglu, Okan"]
[Black "Yermolinsky, Alex"]
[Result "1/2-1/2"]
[ECO "B10"]
[WhiteElo "2365"]
[BlackElo "2421"]
[Annotator "TA"]
[PlyCount "69"]
[EventDate "2024.03.18"]
[EventCountry "TUR"]
[SourceTitle "playchess.com"]
[Source "ChessBase"]
[SourceQuality "1"]
[TimeControl "5400+30"]

1. e4 c6 2. Nf3 d5 3. d3 dxe4 4. dxe4 Qxd1+ 5. Kxd1 Nf6 6. Nbd2 Nbd7 7. Ne1 Nc5 8. f3 {[%emt 0:01:18] Weiß steht etwas besser.} g6 9. Nd3 Nfd7 10. Nc4 Nxd3 11. Bxd3 Bg7 12. Be3 {[%emt 0:01:48] Pariert Nc5.} Ne5 13. Nxe5 Bxe5 14. c3 Be6 15. Kc2 f5 16. exf5 Bxf5 17. Rae1 Bd6 18. g4 (18. h4 $14) 18... Bxd3+ $11 {[%emt 0:00:10] Die Stellung ist ausgeglichen.} 19. Kxd3 h5 20. h3 Kd7 21. Ke4 Raf8 22. Bg5 Rh7 23. Ref1 hxg4 24. hxg4 Rfh8 ({Aber nicht} 24... Rxf3 $2 25. Kxf3 Rg7 26. Rh8 $18) 25. Rxh7 Rxh7 {[%emt 0:00:04][%mdl 4096] Endspiel. KRB-KRB} 26. Bf4 Ke6 27. Bxd6 exd6 {[%emt 0:00:18] KR-KR} 28. Kf4 Kf6 $1 29. g5+ Kf7 30. Kg3 Rh8 31. f4 Re8 32. Kf3 Rh8 33. Kg3 Re8 34. Kf3 Rh8 35. Ke4 {[%emt 1:02:43] Gewichteter Fehlerwert: Weiß=0.06 (makellos) /Schwarz=0.05 (makellos) .  Fehler:       	Weiß=1     	---        Ungenau:       	Weiß=1     	Schwarz=1     OK:         	Weiß=10    	Schwarz=11    Bester:       	---       	Schwarz=1     Stark:        	---       	Schwarz=1} 1/2-1/2

[Event "Satranc Arena IM Series-1 2024"]
[Site "Izmir"]
[Date "2024.03.21"]
[Round "8.1"]
[White "Aydin, Gulenay"]
[Black "Yermolinsky, Alex"]
[Result "0-1"]
[ECO "B06"]
[WhiteElo "2152"]
[BlackElo "2421"]
[Annotator "TA"]
[PlyCount "86"]
[EventDate "2024.03.18"]
[EventCountry "TUR"]
[SourceTitle "playchess.com"]
[Source "ChessBase"]
[SourceQuality "1"]
[TimeControl "5400+30"]

1. e4 c5 2. c3 d5 3. exd5 Qxd5 4. d4 g6 5. Nf3 Bg7 6. Nbd2 {[%emt 0:00:13] Bc4 is the strong threat.} Nf6 7. Qb3 {[%emt 0:05:51] [#] Hoping for Bc4.} Qxb3 8. axb3 {[%emt 0:00:18] White has an edge.} cxd4 9. Nxd4 O-O 10. g3 Nd5 11. Nb5 Nc6 12. Bg2 Be6 13. O-O a6 14. Na3 Rad8 15. Ne4 Bc8 16. Nc4 h6 17. Nc5 a5 18. Bxd5 (18. Nxa5 Nxa5 19. Rxa5 b6 $17) ({Better is} 18. Be3 $16) 18... Rxd5 $11 19. Be3 Bh3 20. Nb6 (20. Nxb7 $1 $14 {keeps the upper hand.} Bxf1 21. Kxf1) 20... Rh5 $17 21. Rfe1 $2 (21. Nbd7 $17 {keeps fighting.}) 21... Ne5 $19 22. Red1 $2 (22. f4 Nf3+ 23. Kf2 Nxe1 24. Kxe1) 22... Nf3+ (22... Bg4 23. Rd5 Nf3+ 24. Kf1 Rxh2 (24... Nxh2+ $2 25. Ke1 $19) 25. Ke2 $19) 23. Kh1 g5 (23... Bg4 $142 24. h4 Nxh4 25. gxh4 Bf3+ 26. Kh2 Be5+ 27. Kh3 g5) 24. Nd3 (24. Nxb7 $2 Bc8 25. h4 Bxb7 $19) (24. Rxa5 $2 Bg4 25. h4 Nxh4 $19 (25... gxh4 $2 26. Ra4 $19)) 24... Bg4 25. h4 gxh4 26. Nf4 Rb5 (26... hxg3+ 27. Nxh5 Bxh5 28. fxg3 $16 (28. Rxa5 Ng5 $19)) 27. gxh4 Nxh4 28. Rg1 Bf3+ 29. Kh2 Nf5 (29... Rxb3 30. Kg3 e5 31. Nfd5 Bxd5 32. Kxh4 $11) 30. Nc4 e5 ({Black should play} 30... Kh7 $19 31. Rxa5 Rxa5 32. Nxa5 b5) 31. Nh3 (31. Ng2 $17) 31... Kh7 {[%emt 0:02:43] Threatens to win with ...Nxe3.} (31... Rxb3 32. Nxe5 Nxe3 (32... Rxb2 33. Bc1 $16) 33. Nxf3 Rxb2 34. Rxa5 $17) 32. Nd2 {[%emt 0:04:53] [#]} (32. Rxa5 $17 Rxa5 (32... Rxb3 33. Nxe5 Nxe3 34. Nxf3 $17) 33. Nxa5) 32... e4 (32... Nxe3 $1 $19 {and Black stays clearly on top.} 33. Nxf3 Nf5) 33. Bf4 (33. c4 $17 Nxe3 34. Rxg7+ Kxg7 35. cxb5 Ng4+ (35... Nc2 36. Rxa5 Rd8 37. Nxf3 $11) 36. Kg3) 33... Nh4 34. Bg3 Rd8 {[%emt 0:01:56] White is weak on the light squares} 35. Nxe4 Bxe4 {[%emt 0:00:40] This pair of bishops is nice.} 36. Bxh4 Rd2 37. Ra4 Bg6 38. Bg3 (38. b4 $142) 38... Rxb2 39. c4 $2 (39. b4) 39... Rh5 {[%emt 0:00:19][%cal Og6f5] ...Bf5! would now be deadly.} 40. Bc7 Rxf2+ 41. Rg2 Rf1 42. Rxa5 Rxa5 43. Bxa5 Be5+ {[%emt 0:00:06] Weighted Error Value: White=0.85/Black=0.30.  Loses game:     	White=1     	---        Mistake:       	White=8     	Black=3      Inaccurate:     	White=3     	Black=4      OK:         	White=12    	Black=9      Best:        	White=1     	Black=4} 0-1

[Event "Satranc Arena IM Series-1 2024"]
[Site "Izmir"]
[Date "2024.03.21"]
[Round "8.2"]
[White "David, Alexandru-Vasile"]
[Black "Ozsakallioglu, Okan"]
[Result "1/2-1/2"]
[ECO "C01"]
[WhiteElo "2360"]
[BlackElo "2365"]
[Annotator "TA"]
[PlyCount "60"]
[EventDate "2024.03.18"]
[EventCountry "TUR"]
[SourceTitle "playchess.com"]
[Source "ChessBase"]
[SourceQuality "1"]
[TimeControl "5400+30"]

1. e4 e5 2. Nf3 Nf6 3. Nxe5 d6 4. Nf3 Nxe4 5. h3 d5 6. d3 Nf6 7. d4 Bf5 8. Bd3 Bxd3 9. Qxd3 c6 {[%emt 0:00:04] Wards off Qb5} 10. O-O Be7 11. Bf4 O-O 12. Nbd2 Bd6 13. Be5 Na6 14. Rfe1 Re8 15. Bxd6 (15. Ng5 $14 Nb4 16. Qc3) 15... Qxd6 $11 {[%emt 0:00:06] The position is equal.} 16. c3 Nd7 17. Rxe8+ Rxe8 18. Re1 Rxe1+ 19. Nxe1 Qe6 20. Kf1 Nc7 21. Qe2 f6 22. Qxe6+ Nxe6 {[%emt 0:00:03][%mdl 4096] Endgame. KNN-KNN} 23. Nd3 g5 24. g3 Kf7 25. Ke2 h5 26. Ke3 Kg6 27. Nf3 Ng7 28. Nd2 Ne6 29. Nf3 Ng7 30. Nd2 Ne6 {[%emt 1:22:36] Weighted Error Value: White=0.07 (flawless) /Black=0.06 (flawless) .  Mistake:       	White=1     	---        Inaccurate:     	---       	Black=1      OK:         	White=9     	Black=6} 1/2-1/2

[Event "Satranc Arena IM Series-1 2024"]
[Site "Izmir"]
[Date "2024.03.21"]
[Round "8.3"]
[White "Kuru, Atilla"]
[Black "Baltag, Iulian"]
[Result "1/2-1/2"]
[ECO "B03"]
[WhiteElo "2246"]
[BlackElo "2412"]
[Annotator "TA"]
[PlyCount "95"]
[EventDate "2024.03.18"]
[EventCountry "TUR"]
[SourceTitle "playchess.com"]
[Source "ChessBase"]
[SourceQuality "1"]
[TimeControl "5400+30"]

1. e4 Nf6 2. e5 Nd5 3. d4 d6 4. c4 Nb6 5. f4 dxe5 6. fxe5 Bf5 7. Nc3 e6 8. Nf3 Bb4 9. c5 (9. Bd3 $14) 9... Nd5 $11 10. Bd2 O-O 11. a3 Nxc3 12. bxc3 Ba5 13. Bc4 b6 14. cxb6 Bxb6 15. O-O $36 {[%emt 0:00:16][%mdl 2048] Weiss hat Initiative.} Nc6 16. Bg5 Ne7 (16... Qd7 $1 $14) 17. a4 {[%emt 0:01:20] Weiß steht aktiver.} ({Weiss braucht} 17. Nh4 $16) 17... Ba5 $1 $14 18. Qe1 (18. Bd3 $14) 18... h6 $11 19. Qh4 Re8 {[%emt 0:05:56] [#]} (19... hxg5 $15 {bleibt weiter vorne.} 20. Nxg5 Bxc3) 20. Bxh6 $1 $16 Bg6 (20... Ng6 $16 21. Qh5 (21. Qxd8 Rexd8 22. Be3 Bxc3 $11) 21... Bxc3 (21... gxh6 22. Qxh6 Bxc3 23. Rad1 $14)) 21. Bd2 $18 Nf5 (21... Rb8 {war einen Versuch wert.} 22. Ng5 Nf5) 22. Qf4 (22. Qh3 $18) 22... c5 $16 23. g4 (23. dxc5 $6 Qc7 $11) 23... Ne7 {[%emt 0:02:35] [#]} (23... Nh4 $142) 24. Nh4 ({Bloß nicht} 24. dxc5 $6 Nd5 25. Qd4 Qc7 $11) (24. h4 $1 $16 cxd4 25. cxd4 (25. h5 dxc3 26. Be3 Bxh5 $16)) 24... Rf8 $1 $11 25. Nf3 Nd5 26. Bxd5 Qxd5 27. c4 Bxd2 (27... Qxc4 $2 28. Bxa5 f5 29. Rac1 Qxa4 30. Rxc5 $18) 28. Qxd2 Qxc4 29. Rac1 Qxa4 30. Rxc5 Rac8 {[%emt 0:01:33] ...Rxc5 wäre nun fies.} 31. Rfc1 Rxc5 32. Rxc5 Qb3 33. Kf2 a6 ({Besser ist} 33... Be4 $15 34. Qe3 Qb7) 34. Qc3 Qxc3 35. Rxc3 {[%emt 0:00:02][%mdl 4096] Endspiel. KRB-KRN} Ra8 36. Ra3 a5 37. Ke3 a4 38. Nd2 Bc2 39. Nc4 Bb3 40. Nb2 (40. Nd6 $11 {war vorzuziehen.}) 40... g5 $15 41. Nd3 Kg7 $1 42. Nc5 Rh8 43. Nxa4 Bd1 {[%emt 0:01:06] Weiss muss nun ...Rh3+ beachten.} 44. Ra1 (44. Kd2 $17 Bxg4 45. Rg3 Rxh2+ 46. Ke3) 44... Bxg4 $2 (44... Rh3+ $19 45. Kd2 Rxh2+ (45... Bxg4 $2 46. Rg1 $19) 46. Kc3 (46. Kxd1 $2 {geht unter.} Rh1+ 47. Ke2 Rxa1 $19) 46... Bxg4) 45. Rg1 $11 {[%emt 0:00:08] Die Stellung ist ausgeglichen.} Rh4 46. Nc3 Rh3+ 47. Rg3 Rh4 48. Ke4 {[%emt 0:35:36] Gewichteter Fehlerwert: Weiß=0.31/Schwarz=0.22 (präzise) .  Gewinn verpasst:   	---       	Schwarz=1     Fehler:       	Weiß=7     	Schwarz=6     Ungenau:       	Weiß=4     	Schwarz=2     OK:         	Weiß=10    	Schwarz=10    Bester:       	Weiß=5     	Schwarz=6     Stark:        	Weiß=1     	Schwarz=3} (48. Rg1 $11) 1/2-1/2

[Event "Satranc Arena IM Series-1 2024"]
[Site "Izmir"]
[Date "2024.03.21"]
[Round "8.4"]
[White "Yalcinkaya, Efe"]
[Black "Gur, Ali"]
[Result "1/2-1/2"]
[ECO "B76"]
[WhiteElo "2085"]
[BlackElo "1848"]
[Annotator "NA RC"]
[PlyCount "49"]
[EventDate "2024.03.18"]
[EventCountry "TUR"]
[SourceTitle "playchess.com"]
[Source "ChessBase"]
[SourceQuality "1"]
[TimeControl "5400+30"]

1. e4 c5 2. Nf3 d6 3. d4 cxd4 4. Nxd4 Nf6 5. Nc3 g6 6. Be3 Bg7 7. f3 O-O 8. Qd2 Nc6 9. g4 Be6 10. Nxe6 fxe6 11. O-O-O Ne5 12. Be2 a6 13. h4 b5 14. h5 Rc8 15. Bh6 Qa5 16. Bxg7 Kxg7 17. hxg6 hxg6 18. f4 Nexg4 19. Bxg4 Nxg4 20. Rdg1 b4 21. Nb1 b3 22. Qxa5 Rxc2+ 23. Kd1 Nf2+ 24. Ke1 Nd3+ 25. Kd1 1/2-1/2

[Event "Satranc Arena IM Series-1 2024"]
[Site "Izmir"]
[Date "2024.03.22"]
[Round "9.2"]
[White "Gur, Ali"]
[Black "Gunduz, Umut Erdem"]
[Result "0-1"]
[ECO "B08"]
[WhiteElo "1848"]
[BlackElo "2314"]
[Annotator "TA"]
[PlyCount "120"]
[EventDate "2024.03.22"]
[EventCountry "TUR"]
[SourceTitle "playchess.com"]
[Source "ChessBase"]
[SourceQuality "1"]
[TimeControl "5400+30"]

1. e4 g6 2. d4 Bg7 3. Nc3 d6 4. Nf3 Nf6 5. Bf4 O-O 6. Be2 a6 7. O-O Nc6 8. Re1 b5 {[%emt 0:03:29] White is slightly better.} 9. a3 Bb7 10. h3 Nd7 11. Qd2 Nxd4 12. Nxd4 Bxd4 13. Qxd4 e5 14. Qe3 exf4 15. Qxf4 Re8 16. Bd3 Re5 17. Qd2 Qe7 18. Re3 Re8 19. f4 Re6 {[%emt 0:00:28][%cal Od6d5] Threatening ...d5!} 20. Rg3 (20. Rf3 $11 {keeps the balance.}) 20... Nf6 $17 21. f5 Re5 22. fxg6 hxg6 (22... Nxe4 23. gxf7+ Kxf7 24. Nxe4 $18) 23. Rf1 Bxe4 24. Bxe4 Nxe4 25. Nxe4 Rxe4 26. Qd5 Kg7 27. Rgf3 f5 28. Rc3 Re1 29. Qd4+ Kh7 30. Rxe1 Qxe1+ {[%emt 0:00:02][%mdl 4096] Endgame. KQR-KQR} 31. Kh2 Re7 $36 {[%emt 0:01:54][%mdl 2048] White is under strong pressure. Black is more active.} 32. Rg3 ({White has to play} 32. Rc6) 32... Qe5 33. Qh4+ Kg7 34. Qg5 Qf6 {[%emt 0:00:19] ...Qxg5 is the strong threat.} 35. Qd2 c5 36. b3 Re4 37. Qd5 Re7 $2 (37... Re5 $17 38. Qb7+ Kh6) 38. c3 $2 (38. Qd2 $1 $11 {and White is okay.}) 38... Qe5 $19 39. Qa8 Qf4 40. Qf3 {[%emt 0:02:22] Dodges Re3} Qxf3 41. Rxf3 {[%emt 0:00:02] KR-KR} Kf6 42. Rd3 Ke6 43. Kg3 g5 44. c4 Rd7 45. Re3+ Kf6 {[%emt 0:00:01] [#] aiming for ...f4+.} 46. Rd3 (46. Kf2 $142) 46... bxc4 47. bxc4 d5 {[%emt 0:00:09] White must now prevent ...d4.} 48. Kf3 (48. Kf2 {keeps fighting.}) 48... d4 49. g4 Rb7 50. Kg3 Rb2 51. gxf5 Rc2 {[%emt 0:01:09][%cal Oc2c3] [#] Hoping for ...Rc3!} 52. Kg4 Rxc4 53. Rd2 d3+ 54. Kg3 Rd4 {[%emt 0:00:09][%cal Oc5c4] ( -> ...c4!)} 55. h4 gxh4+ {[%emt 0:00:06] Black mates.} 56. Kh3 c4 57. a4 c3 58. Ra2 d2 59. a5 d1=Q 60. Rd2 Qg4+ {[%emt 0:00:32] Weighted Error Value: White=0.49/Black=0.09 (flawless) .  Loses game:     	White=1     	---        Mistake:       	White=4     	Black=1      Inaccurate:     	White=5     	Black=2      OK:         	White=9     	Black=24     Best:        	White=1     	Black=4} (60... Qh1+ $142 61. Rh2 Qf3#) 0-1

[Event "Satranc Arena IM Series-1 2024"]
[Site "Izmir"]
[Date "2024.03.22"]
[Round "9.3"]
[White "Baltag, Iulian"]
[Black "Yalcinkaya, Efe"]
[Result "1-0"]
[ECO "A37"]
[WhiteElo "2412"]
[BlackElo "2085"]
[Annotator "TA"]
[PlyCount "83"]
[EventDate "2024.03.22"]
[EventCountry "TUR"]
[SourceTitle "playchess.com"]
[Source "ChessBase"]
[SourceQuality "1"]
[TimeControl "5400+30"]

1. c4 c5 2. g3 Nc6 3. Bg2 g6 4. Nc3 Bg7 5. Nf3 e5 6. O-O Nge7 7. Ne1 O-O 8. Nc2 d6 9. Ne3 Be6 10. Ned5 a6 11. d3 Rb8 12. a4 a5 13. Bg5 f6 14. Bd2 Nb4 {[%emt 0:01:49] Die Stellung ist ausgeglichen.} 15. Ne3 f5 16. Nc2 h6 17. Nxb4 axb4 18. Nb5 g5 19. e3 d5 20. cxd5 (20. d4 $11) 20... Bxd5 $15 21. e4 {[%emt 0:00:13] [#]} Bc6 (21... Be6 $1 $17 {Zielt auf ...f4 ab.} 22. exf5 Bxf5) 22. Qb3+ Kh7 {[%emt 0:02:22] und nun wäre ...f4 stark für Schwarz.} 23. exf5 (23. Qc4 $11) 23... Nxf5 (23... Bxg2 $15 24. Kxg2 Nxf5) 24. Qc4 (24. Be4 $1 $11 {hält das Gleichgewicht.}) 24... Qf6 ({Besser ist} 24... Bxg2 $17 25. Kxg2 b6) 25. Be4 b6 $2 {[%emt 0:04:40] Weiß behält die Zügel nun fest in der Hand.} (25... Bxe4 $11 26. dxe4 Nh4 27. gxh4 Qf3 28. hxg5 Rbd8 (28... Qg4+ 29. Kh1 $11)) 26. g4 $18 Kh8 {[%emt 0:01:10] [#] ...Bxe4 ist eine echte Drohung.} 27. gxf5 ({Bloß nicht} 27. Bxf5 Bf3 28. Be3 Qc6) 27... Bd7 28. Be3 Bxf5 29. Bxf5 Qxf5 30. Qe4 Qh3 $2 (30... Qd7 31. Kg2 Rbd8) 31. f3 (31. Nd6 $142) 31... Qd7 32. Rad1 Ra8 33. b3 Rae8 34. Kg2 Bf6 (34... Rf6 $142 35. Bf2 Rf4) 35. h3 Kg7 $2 (35... Re7 {war einen Versuch wert.} 36. Rf2 Bg7) 36. Qg4 Qc6 (36... Re7 $142 37. Kf2 Kh7) 37. h4 h5 38. Qe4 {[%emt 0:00:00] Weiß steht klar auf Gewinn.} Qd7 39. hxg5 Bd8 40. Rh1 Rh8 41. Rh4 Qe6 42. Rdh1 {[%emt 0:00:00] Gewichteter Fehlerwert: Weiß=0.36/Schwarz=0.66.  Verlustzug:     	---       	Schwarz=1     Fehler:       	Weiß=4     	Schwarz=7     Ungenau:       	Weiß=2     	Schwarz=5     OK:         	Weiß=9     	Schwarz=8     Bester:       	Weiß=1     	---} 1-0